 Dungeon Crawl Stone Soup version 0.23-a0-644-gb60d84b (webtiles) character file.

4179 Borgoz the Grappler (level 10, -9/91 HPs)
             Began as a Ghoul Gladiator on Jan 1, 2019.
             Was a Believer of Okawaru.
             Killed from afar by Harold (12 damage)
             ... with a harpoon shot
             ... on level 8 of the Dungeon.
             The game lasted 00:12:10 (6091 turns).

Borgoz the Grappler (Ghoul Gladiator)               Turns: 6091, Time: 00:12:10

Health: -9/91      AC:  7    Str: 19    XL:     10   Next: 28%
Magic:  9/9        EV: 14    Int:  3    God:    Okawaru [**....]
Gold:   261        SH:  0    Dex: 13    Spells: 9/9 levels left

rFire    . . .     SeeInvis .     - Unarmed
rCold    + . .     Gourm    .   (no shield)
rNeg     + + +     Faith    .   n - +0 ring mail
rPois    ∞         Spirit   .   b - +0 helmet
rElec    .         Reflect  .   G - scarf {cloud immunity}
rCorr    .         Harm     .   (no gloves)
MR       .....     Rnd*Tele +   (no boots)
Stlth    ..........             (no amulet)
HPRegen  0.00/turn              q - ring of attention (curse)
MPRegen  0.11/turn              s - ring of teleportation (curse)

@: marked, rotting
A: rotting body, claws 1, carnivore, cold resistance 1, negative energy
resistance 3, inhibited regeneration, torment resistance, unbreathing
a: Heroism, Renounce Religion


You were on level 8 of the Dungeon.
You worshipped Okawaru.
Okawaru was pleased with you.
You were not hungry.

You visited 2 branches of the dungeon, and saw 9 of its levels.

You collected 261 gold pieces.

Inventory:

Missiles
 c - 4 throwing nets (quivered)
Armour
 b - a +0 helmet (worn)
 n - a +0 ring mail (worn)
 F - a +0 leather armour of fire resistance
 G - a scarf of cloud immunity (worn)
Jewellery
 o - an uncursed ring of magical power
 p - an uncursed ring of protection from cold
 q - a cursed ring of attention (left claw)
 s - a cursed ring of teleportation (right claw)
 u - an uncursed ring of fire {unknown}
 C - a cursed ring of attention
 D - an uncursed ring of protection from cold
Wands
 E - a wand of random effects (15)
Scrolls
 f - a scroll of fog {unknown}
 h - 4 scrolls of remove curse
 k - 4 scrolls of identify {unknown}
 m - 4 scrolls of enchant weapon
 t - 4 scrolls of random uselessness {unknown}
 v - 4 scrolls of teleportation
 w - 2 scrolls of enchant armour {unknown}
 x - a scroll of magic mapping {unknown}
 y - a scroll of amnesia {unknown}
 B - a scroll of fear {unknown}
Potions
 a - 2 potions of haste {unknown}
 e - 2 potions of berserk rage {unknown}
 g - 8 potions of curing
 i - 3 potions of might {unknown}
 j - a potion of mutation {unknown}
 l - a potion of cancellation {unknown}
 r - 2 potions of degeneration {unknown}
 z - a potion of agility {unknown}
 A - a potion of lignification {unknown}
Comestibles
 d - 16 rations


   Skills:
 * Level 9.5 Fighting
 - Level 1.7 Throwing
 + Level 5.2 Armour
 + Level 6.0 Dodging
 * Level 10.0 Unarmed Combat


You had 9 spell levels left.
You didn't know any spells.
Your spell library contained the following spells:

 Spells                   Type           Power        Failure   Level  Hunger
 Sticks to Snakes         Tmut           #.......     83%         2    ###....
 Beastly Appendage        Tmut           Unusable     N/A         1    N/A
 Spider Form              Tmut/Pois      Unusable     N/A         3    N/A
 Ice Form                 Ice/Tmut       Unusable     N/A         4    N/A
 Blade Hands              Tmut           Unusable     N/A         5    N/A

Dungeon Overview and Level Annotations

Branches:
Dungeon (8/15)             Temple (1/1) D:6
   Lair: D:8-11

Altars:
Ashenzari
Cheibriados
Dithmenos
Elyvilon
Gozag
Hepliaklqana
Kikubaaqudgha
Makhleb
Nemelex Xobeh
Okawaru
Qazlal
Ru
Sif Muna
Trog
Uskayaw
Vehumet
Wu Jian
Xom
Yredelemnul
Zin
The Shining One

Annotations:
D:8 Harold


Innate Abilities, Weirdness & Mutations

Your body is rotting away.
You thrive on raw meat.
You are immune to poison.
You have sharp fingernails.
You are carnivorous and can eat meat at any time.
Your flesh is cold resistant. (rC+)
You are immune to negative energy. (rN+++)
You do not regenerate when monsters are visible.
You are immune to unholy pain and torment.
You can survive without breathing.


Message History

You struggle against the net.
Harold casts a spell at you. A sentinel's mark forms upon you.
Unknown command.
You struggle against the net.
Harold hits you with a +0 battleaxe!!
You rip the net and break free!
The ogre barely misses you.
Harold throws a throwing net.
The throwing net hits you.
You become entangled in the net!
You see here a throwing net.
You struggle against the net.
The ogre hits you with a +0 giant club!
Unknown command.
You tear a large gash into the net.
Harold hits you with a +0 battleaxe! The ogre hits you with a +0 giant club!
* * * LOW HITPOINT WARNING * * *
You rip the net and break free!
Harold hits you with a +0 battleaxe!
* * * LOW HITPOINT WARNING * * *
The ogre misses you. Harold casts a spell at you. The harpoon shot hits you!
You die...

###########
#.........#
#.........#
#.........#
+.@.O.....#
#...@.....#
#.#######..#
... ..# #(#
..# ## ..#
###


You could see Harold and an ogre.

Vanquished Creatures
  Pikel (D:6)
  Joseph (D:7)
  Grinder (D:4)
  A hippogriff (D:7)
  A hungry ghost (D:7)
  Menkaure (D:7)
  A water moccasin (D:5)
  An ice beast (D:5)
  Duvessa (D:7)
  2 sky beasts
  A slave (D:5)
  2 phantoms
  2 black bears (D:7)
  2 ogres
  4 centaurs
  4 bullfrogs
  A big kobold (D:7)
  Dowan (D:7)
  A scorpion (D:6)
  2 howler monkeys (D:4)
  4 crimson imps
  A bullfrog zombie (D:7)
  A jelly (D:7)
  5 hounds
  A bullfrog skeleton (D:2)
  2 iguanas
  5 orc wizards
  3 worker ants (D:4)
  A hound skeleton (D:6)
  A worker ant zombie (D:6)
  10 adders
  8 gnolls
  2 shadow imps
  4 worms
  3 dart slugs
  7 leopard geckos
  19 orcs
  A ball python (D:2)
  4 giant cockroaches
  16 goblins
  9 hobgoblins
  9 jackals
  10 kobolds
  3 quokkas
  A ball python skeleton (D:3)
  12 bats
  10 frilled lizards
  A quokka zombie (D:6)
  13 rats
197 creatures vanquished.

Vanquished Creatures (others)
  An orc wizard (D:3)
1 creature vanquished.

Grand Total: 198 creatures vanquished

Notes
Turn   | Place    | Note
-------+----------+-------------------------------------------
     0 | D:1      | Borgoz the Ghoul Gladiator began the quest for the Orb.
     0 | D:1      | Reached XP level 1. HP: 17/17 MP: 0/0
    66 | D:1      | Reached XP level 2. HP: 19/25 MP: 1/1
   204 | D:1      | Reached XP level 3. HP: 30/30 MP: 2/2
   559 | D:2      | Reached skill level 1 in Armour
   559 | D:2      | Reached skill level 4 in Unarmed Combat
   559 | D:2      | Reached XP level 4. HP: 25/38 MP: 3/3
   760 | D:2      | Found a stormy altar of Qazlal.
   849 | D:2      | Found a burning altar of Makhleb.
   858 | D:2      | Reached XP level 5. HP: 39/45 MP: 4/4
  1547 | D:3      | Reached skill level 5 in Unarmed Combat
  1547 | D:3      | Reached XP level 6. HP: 38/52 MP: 5/5
  1706 | D:3      | Found a faded altar of an unknown god.
  1928 | D:3      | Found a basalt altar of Yredelemnul.
  2041 | D:4      | Found a glowing golden altar of the Shining One.
  2235 | D:4      | Found a glowing golden altar of the Shining One.
  2239 | D:4      | Found an ornate altar of the Wu Jian Council.
  2247 | D:4      | Found a deep blue altar of Sif Muna.
  2355 | D:4      | Reached XP level 7. HP: 58/60 MP: 6/6
  2445 | D:4      | Reached skill level 5 in Fighting
  2540 | D:4      | Noticed Grinder
  2545 | D:4      | Paralysed by Grinder for 4 turns
  2575 | D:4      | Killed Grinder
  2575 | D:4      | Reached skill level 6 in Unarmed Combat
  2673 | D:4      | Reached XP level 8. HP: 44/70 MP: 7/7
  2760 | D:5      | Entered Level 5 of the Dungeon
  2877 | D:5      | Reached skill level 7 in Unarmed Combat
  3024 | D:5      | Noticed a moth of wrath
  3027 | D:5      | Found a bloodstained altar of Trog.
  3595 | D:5      | Found a white marble altar of Elyvilon.
  3819 | D:6      | Noticed Pikel
  3880 | D:6      | Reached XP level 9. HP: 28/78 MP: 8/8
  3913 | D:6      | Reached skill level 8 in Unarmed Combat
  4243 | D:6      | Reached skill level 5 in Dodging
  4283 | D:6      | Found a staircase to the Ecumenical Temple.
  4333 | Temple   | Entered the Ecumenical Temple
  4398 | Temple   | Became a worshipper of Warmaster Okawaru
  4531 | D:6      | Killed Pikel
  4570 | D:6      | Found a sacrificial altar of Ru.
  4585 | D:6      | Found a sparkling altar of Nemelex Xobeh.
  5086 | D:7      | Reached * piety under Okawaru
  5091 | D:7      | Reached skill level 9 in Unarmed Combat
  5158 | D:7      | Noticed Menkaure
  5167 | D:7      | Killed Menkaure
  5279 | D:7      | Reached XP level 10. HP: 67/91 MP: 9/9
  5368 | D:7      | Reached ** piety under Okawaru
  5372 | D:7      | Noticed Dowan
  5372 | D:7      | Noticed Duvessa
  5376 | D:7      | Killed Dowan
  5376 | D:7      | Reached skill level 5 in Armour
  5386 | D:7      | Killed Duvessa
  5542 | D:7      | Found a shattered altar of Ashenzari.
  5592 | D:7      | Noticed Joseph
  5606 | D:7      | Killed Joseph
  5607 | D:7      | Reached skill level 10 in Unarmed Combat
  6077 | D:8      | Noticed Harold
  6090 | D:8      | HP: 3/91 [Harold/+0 battleaxe (12)]
  6091 | D:8      | Killed from afar by Harold

Vault maps used:
D:1:      lemuel_arrival_lava_pool
D:2:      makhleb_blood_cavern_becter, marbit_many_paths, first_ration
D:3:      yredelemnul_altar_generic, chequers_ecumenical_altar_simple_redux
D:4:      gammafunk_temple_overflow_forgotten, tso_metal_star, uniq_grinder
D:5:      lemuel_crystal_altar, tgw_trog
D:6:      nemelex_xobeh_ov_fountains_minmay, old_standard_altar,
          minmay_temple_entry_glassed_door, uniq_pikel
D:7:      nicolae_overflow_hidden_temple, uniq_joseph, uniq_duvessa,
          uniq_menkaure
D:8:      old_standard_altar, minmay_lair_entry_grove, grunt_livestock,
          uniq_harold
Temple:   zaba_magenta_temple

Skill      XL: |  1  2  3  4  5  6  7  8  9 10 |
---------------+-------------------------------+-----
Fighting       | 3 4 5 7 9 |  9.5
Armour         | 1 2 3 4 5 |  5.2
Dodging        | 3 4 5 6 |  6.0
Unarmed Combat | 4 5 6 7 9 10 | 10.0
Throwing       | |  1.7

Action                   |  1- 3 |  4- 6 |  7- 9 | 10-12 || total
-------------------------+-------+-------+-------+-------++-------
Melee: Unarmed           |    58 |   268 |   341 |    65 ||   732
       Punch             |     1 |     2 |    14 |     3 ||    20
Invok: Heroism           |       |       |       |     2 ||     2
  Use: Scroll            |       |       |       |     3 ||     3
       Potion            |       |       |       |     1 ||     1
  Eat: Chunk             |     5 |    29 |    36 |    16 ||    86
Armor: Leather armour    |     8 |    11 |       |       ||    19
       Ring mail         |       |    71 |    96 |    10 ||   177
Dodge: Dodged            |    41 |   157 |   196 |    47 ||   441

Table legend:
 A = Non-vault XP
 B = Vault XP
 C = Vault XP percentage of total XP
 D = Non-vault monster count
 E = Vault monster count
 F = Vault count percentage of total count
                 A         B        C        D         E       F
            +---------+---------+-------+---------+---------+-------
      Total |    4206 |    1764 |  29.5 |     184 |      13 |   6.6
            +---------+---------+-------+---------+---------+-------
        D:1 |      41 |       0 |   0.0 |      26 |       0 |   0.0
        D:2 |     128 |      54 |  29.7 |      29 |       2 |   6.5
        D:3 |     213 |       0 |   0.0 |      40 |       0 |   0.0
        D:4 |     509 |     277 |  35.2 |      24 |       1 |   4.0
        D:5 |    1030 |      13 |   1.2 |      22 |       5 |  18.5
        D:6 |     805 |     593 |  42.4 |      19 |       1 |   5.0
        D:7 |    1480 |     827 |  35.8 |      24 |       4 |  14.3
            +---------+---------+-------+---------+---------+-------
